 Dungeon Crawl Stone Soup version 0.17-a0-1570-g74b7129 (webtiles) character file.

33 Chiseanne the Skirmisher (level 3, 0/28 HPs)
             Began as a Demonspawn Wanderer on July 23, 2015.
             Slain by an ooze (1 damage)
             ... on level 2 of the Dungeon.
             The game lasted 00:02:54 (1588 turns).

Chiseanne the Skirmisher (Demonspawn Wanderer)      Turns: 1588, Time: 00:02:54

Health: 0/28       AC:  3    Str: 13    XL:     3   Next: 12%
Magic:  8/14       EV: 11    Int: 13    God:
Gold:   92         SH:  0    Dex: 12    Spells: 2 memorised, 2 levels left

rFire  . . .     SeeInvis .     c - +0 quarterstaff
rCold  . . .     Clarity  .     k - +0 leather armour
rNeg   . . .     SustAt   .     (no shield)
rPois  .         Gourm    .     (no helmet)
rElec  .         Spirit   .     (no cloak)
rCorr  .         Warding  .     (no gloves)
rMut   .         Stasis   .     (no boots)
MR     +....                    (no amulet)
Stlth  +.........               i - ring of magical power
                                f - ring of protection from magic

@: somewhat resistant to hostile enchantments, very unstealthy
A: rot immunity
a: no special abilities


You were on level 2 of the Dungeon.
You were not hungry.

You visited 1 branch of the dungeon, and saw 2 of its levels.

You collected 92 gold pieces.

Inventory:

Hand weapons
 c - a +0 quarterstaff (weapon)
Missiles
 h - 7 sling bullets of flame
 n - 23 sling bullets
 p - 30 poisoned needles
Armour
 k - a +0 leather armour (worn)
Jewellery
 f - a ring of protection from magic (left hand)
 i - a ring of magical power (right hand)
Scrolls
 d - a scroll of random uselessness {unknown}
Potions
 j - 2 potions of might {unknown}
 m - 2 potions of degeneration {unknown}
Books
 a - a book of Frost

   Spells                             Type                      Level
   a - Freeze                         Ice                          1
   b - Throw Frost                    Conjuration/Ice              2
   c - Ozocubu's Armour               Charms/Ice                   3
   d - Throw Icicle                   Conjuration/Ice              4
   e - Summon Ice Beast               Ice/Summoning                4
   f - Condensation Shield            Ice                          4
 b - Cigotuvi's Compendium of Necromancy

   Spells                             Type                      Level
   a - Animate Skeleton               Necromancy                   1
   b - Regeneration                   Charms/Necromancy            3
Comestibles
 e - a bread ration
 g - 4 royal jellies
 l - 3 chunks of flesh
 o - a meat ration


   Skills:
 * Level 2.6 Fighting
 - Level 1.7 Staves
 - Level 1.0 Throwing
 * Level 0.6 Armour
 + Level 1.1 Dodging
 - Level 1.0 Stealth
 * Level 1.7 Spellcasting
 + Level 1.9 Ice Magic


You had 2 spell levels left.
You knew the following spells:

 Your Spells              Type           Power        Failure   Level  Hunger
a - Freeze                Ice            #...         17%         1    ##.....
b - Throw Frost           Conj/Ice       #.....       38%         2    ###....


Dungeon Overview and Level Annotations

Branches:
Dungeon (2/15)

Altars:


Innate Abilities, Weirdness & Mutations

You are immune to rotting.


Message History

Confirm with . or Enter, or press ? or * to list all spells.
Aiming: Freeze
Press: ? - help, Shift-Dir - straight line, f/p - worm
Aim: a worm (almost dead)
You freeze the worm.
You kill the worm!
The ooze hits you.
* * * LOW HITPOINT WARNING * * *
You hit the ooze.
The ooze is lightly wounded.
The ooze misses you. The ooze hits you.
* * * LOW HITPOINT WARNING * * *
You hit the ooze but do no damage.
The ooze is lightly wounded.
The ooze hits you.
* * * LOW HITPOINT WARNING * * *
You barely miss the ooze.
The ooze is lightly wounded.
The ooze hits you.
You die...

............#.........
#######.########.#.###
#.# #.# #...... # #J#
#.# #.#.#.. #. #.# #†#
#.#.#.. #. #.##.#
#.#.#.. #.. #.#.#
#...#.. #..##J##
#.#.#.. #...@#.#
#...... #..#.†###
#...... #. #...
#...... #.#.# #.###..
#. ## #.# #.. .. #.
#.. .. #. ### .#. #..
#..


You could see an ooze.

Vanquished Creatures
  An ooze (D:1)
  A worm (D:2)
  A ball python (D:2)
  4 hobgoblins
  2 kobolds (D:1)
  7 bats
  2 giant newts (D:1)
  5 goblins (D:1)
  A rat (D:1)
24 creatures vanquished.

Notes
Turn   | Place    | Note
--------------------------------------------------------------
     0 | D:1      | Chiseanne the Demonspawn Wanderer began the quest for the Orb.
     0 | D:1      | Chiseanne set off with: a book of Frost, Cigotuvi's Compendium of Necromancy, a +0 quarterstaff, a +0 robe, a bread ration
     0 | D:1      | Reached XP level 1. HP: 16/16 MP: 2/2
     0 | D:1      | Identified Cigotuvi's Compendium of Necromancy
     2 | D:1      | Learned a level 1 spell: Freeze
   775 | D:1      | Gained mutation: You are immune to rotting. [demonic ancestry]
   775 | D:1      | Reached XP level 2. HP: 21/23 MP: 4/4
  1467 | D:2      | Reached XP level 3. HP: 24/28 MP: 5/5
  1574 | D:2      | Learned a level 2 spell: Throw Frost
  1587 | D:2      | HP: 1/28 [ooze (2)]
  1588 | D:2      | Slain by an ooze

Vault maps used:
D:1:      elethiomel_arrival_infinity_welcomes_careful_drivers
D:2:      wad_crossroads, ecumenical_altar_2, serial_forest,
          infiniplex_forest_3_way, infiniplex_forest_clump_double,
          infiniplex_forest_lined_room_3, infiniplex_forest_lined_2,
          infiniplex_forest_clump_double, infiniplex_forest_lined_corner,
          nicolae_dithmenos_shadow_blocks, uniq_terence

Action                   || total
-------------------------++-------
Melee: Quarterstaff      ||    46
 Cast: Freeze            ||    27
 Stab: Sleeping          ||     2
  Eat: Chunk             ||     3
